 Dungeon Crawl Stone Soup version 0.19.0-24-gb05acd6 (webtiles) character file.

65 ChaseSP the Changer (level 4, -4/21 HPs)
             Began as a Vine Stalker Transmuter on Nov 22, 2016.
             Killed by divine providence
             ... invoked by an orc priest
              (13 damage)
             ... on level 3 of the Dungeon.
             The game lasted 00:04:53 (2016 turns).

ChaseSP the Changer (Vine Stalker Transmuter)       Turns: 2016, Time: 00:04:54

Health: -4/21      AC:  6    Str: 13    XL:     4   Next: 14%
Magic:  0/8        EV: 11    Int: 13    God:
Gold:   97         SH:  0    Dex: 17    Spells: 3 memorised, 1 level left

rFire  . . .     SeeInvis .       - Unarmed
rCold  . . .     Gourm    .     e - +0 ring mail {MR+}
rNeg   . . .     Faith    .     (no shield)
rPois  .         Spirit   +     p - +0 helmet
rElec  .         Reflect  .     (no cloak)
rCorr  .         Harm     .     (no gloves)
MR     ++...                    (no boots)
Stlth  +.........               r - amulet of magic regeneration
                                u - +2 ring of dexterity
                                q - ring of protection from magic

@: very slightly contaminated
A: fangs 2, regeneration 1, magic shield, antimagic bite, no device heal 3, rot
immunity
a: no special abilities


You were on level 3 of the Dungeon.
You were not hungry.

You visited 1 branch of the dungeon, and saw 3 of its levels.

You collected 97 gold pieces.

Inventory:

Missiles
 a - 46 arrows
Armour
 b - a +0 robe
 e - a +0 ring mail of magic resistance (worn)
 p - a +0 helmet (worn)
Jewellery
 f - an uncursed ring of ice
 q - a ring of protection from magic (left hand)
 r - an amulet of magic regeneration (around neck)
 t - an uncursed ring of see invisible
 u - a +2 ring of dexterity (right hand)
Scrolls
 g - 3 scrolls of fear {unknown}
 h - a scroll of identify {unknown}
 i - a scroll of noise {unknown}
 j - a scroll of teleportation {unknown}
 l - a scroll of enchant armour {unknown}
 n - a scroll of magic mapping {unknown}
 o - a scroll of amnesia {unknown}
 v - a scroll of random uselessness {unknown}
 y - a scroll of remove curse {unknown}
Potions
 k - a potion of ambrosia {unknown}
 w - a potion of cure mutation {unknown}
 x - a potion of might {unknown}
Books
 c - a book of Changes

   Spells                             Type                      Level
   a - Beastly Appendage              Transmutation                1
   b - Sticks to Snakes               Transmutation                2
   c - Spider Form                    Transmutation/Poison         3
   d - Ice Form                       Ice/Transmutation            4
   e - Blade Hands                    Transmutation                5
Comestibles
 d - a bread ration
 m - a slice of pizza
 s - a royal jelly


   Skills:
 - Level 0.8 Fighting
 - Level 1.5 Dodging
 - Level 3.0 Unarmed Combat
 - Level 2.1 Spellcasting
 * Level 3.9 Transmutations
 * Level 1.4 Poison Magic


You had one spell level left.
You knew the following spells:

 Your Spells              Type           Power        Failure   Level  Hunger
a - Beastly Appendage     Tmut           ##....       14%         1    ##.....
b - Sticks to Snakes      Tmut           ##......     21%         2    ###....
c - Spider Form           Tmut/Pois      #.........   63%         3    ####...


Dungeon Overview and Level Annotations

Branches:
Dungeon (3/15)

Altars:
Cheibriados
Xom


Innate Abilities, Weirdness & Mutations

You have extremely sharp teeth.
Your natural rate of healing is unusually fast.
When hurt, damage is shared between your health and your magic reserves.
Your bite disrupts and absorbs the magic of your enemies.
Potions and wands cannot restore your health.
You are immune to rotting.


Message History

You are very lightly contaminated with residual magic.
Nothing appears to happen.
Unknown command.
Casting: Spider Form
Confirm with . or Enter, or press ? or * to list all spells.
You miscast Spider Form.
Multicoloured lights dance before your eyes!
Unknown command.
The orc throws a tomahawk.
The tomahawk closely misses you.
The orc priest invokes the aid of Beogh against you.
Beogh smites you!
Ouch! That really hurt!
You hear an angry hiss.
Casting: Spider Form
Confirm with . or Enter, or press ? or * to list all spells.
Okay, then.
The orc priest calls down the wrath of Beogh upon you.
Beogh smites you!
Ouch! That really hurt!
You die...

#...####
#.....<######
#......#....###
#.....(#.......
##
#...[..........
.#
#......#.#####.
.##
#####......... ..
#.......##### #.
##@####....#
#.##..# .##..#
#..#.## ## #..)
##...# ... #(o###
#. #...#####.#.#
......#..o......#
##########l..####
....#


You could see an orc priest.

Vanquished Creatures
  A worm (D:2)
  A dart slug (D:2)
  An orc (D:3)
  3 goblins
  9 hobgoblins
  7 jackals
  A quokka (D:2)
  8 bats
  4 kobolds
  5 rats
40 creatures vanquished.

Vanquished Creatures (collateral kills)
  Terence (D:2)
1 creature vanquished.

Grand Total: 41 creatures vanquished

Notes
Turn   | Place    | Note
-------+----------+-------------------------------------------
     0 | D:1      | ChaseSP the Vine Stalker Transmuter began the quest for the Orb.
     0 | D:1      | Reached XP level 1. HP: 9/9 MP: 4/4
   417 | D:1      | Reached XP level 2. HP: 13/14 MP: 6/6
   500 | D:1      | Learned a level 2 spell: Sticks to Snakes
   777 | D:2      | Reached XP level 3. HP: 15/17 MP: 7/7
   782 | D:2      | Learned a level 3 spell: Spider Form
  1037 | D:2      | Noticed Terence
  1052 | D:2      | Killed Terence
  1052 | D:2      | Reached skill level 1 in Poison Magic
  1258 | D:2      | Gained mutation: Your natural rate of healing is unusually fast. [Vine Stalker growth]
  1258 | D:2      | Reached XP level 4. HP: 9/21 MP: 6/8
  1305 | D:2      | Found a shimmering altar of Xom.
  1761 | D:2      | Found a snail-covered altar of Cheibriados.
  2016 | D:3      | Killed from afar by an orc priest

Skill      XL: |  1  2  3 |
---------------+----------+-----
Transmutations | 3 |  3.9
Poison Magic   | 1 |  1.4
Fighting       | |  0.8
Dodging        | |  1.5
Unarmed Combat | |  3.0
Spellcasting   | |  2.1

Action                   |  1- 3 |  4- 6 || total
-------------------------+-------+-------++-------
Melee: Unarmed           |   153 |    26 ||   179
       Bite              |    32 |     6 ||    38
       Kick              |     1 |       ||     1
       Punch             |     1 |       ||     1
 Cast: Beastly Appendage |     2 |       ||     2
       Sticks to Snakes  |     2 |       ||     2
  Eat: Chunk             |     2 |     2 ||     4
Armor: Ring mail         |    67 |    11 ||    78
Dodge: Dodged            |   104 |    14 ||   118
